 Dungeon Crawl Stone Soup version 0.32-a0-20-ge526923d97 (webtiles) character file.

Game seed: 12866311012262003435

95 LeprechaunX the Changeling (level 4, 0/29 HPs)
             Began as an Octopode Shapeshifter on Jan 17, 2024.
             Slain by Terence
             ... wielding a +0 falchion
              (9 damage)
             ... on level 2 of the Dungeon.
             The game lasted 00:01:15 (1347 turns).

LeprechaunX the Changeling (Octopode Shapeshifter)  Turns: 1347, Time: 00:01:16

Health: 0/29       AC:  1    Str: 13    XL:     4   Next: 66%
Magic:  4/4        EV: 13    Int: 12    God:
Gold:   61         SH:  0    Dex: 13    Spells: 3/3 levels left

rFire   . .          .
                       - Unarmed
rCold   . . .        (no shield)
rNeg    . . .        (helmet currently unavailable)
rPois   .            (no amulet)
rElec   .            (no ring)
rCorr   .            (no ring)
SInv    .            (no ring)
Will    .....        (no ring)
Stlth   ++           (no ring)
HPRegen 0.24/turn    (no ring)
MPRegen 0.09/turn    (no ring)
                     (no ring)

%: no passive effects
@: beast-form
A: beast (slay +2), almost no armour, amphibious, 8 rings, camouflage 1,
gelatinous body 1, (nimble swimmer 1), tentacles
a: Begin Untransformation


You were on level 2 of the Dungeon.
You were a hulking beast.
You visited 1 branch of the dungeon, and saw 2 of its levels.

You collected 61 gold pieces.

Inventory:

Missiles
 i - 6 atropa-tipped darts (quivered)
Talismans
 b - a beast talisman
 c - a flux talisman
Wands
 j - a wand of roots (7)
 m - a wand of charming (9)
Scrolls
 d - 2 scrolls of brand weapon {unknown}
 e - 2 scrolls of identify {unknown}
 h - 2 scrolls of teleportation {unknown}
 k - a scroll of noise {unknown}
 l - a scroll of enchant armour {unknown}
 n - a scroll of amnesia {unknown}
Potions
 a - a potion of lignification
 f - a potion of berserk rage {unknown}
 g - a potion of heal wounds {unknown}


   Skills:
 + Level 2.1 Fighting
 + Level 1.0 Throwing
 - Level 2.0 Dodging
 + Level 3.6 Unarmed Combat
 * Level 4.0 Shapeshifting


You had 3 spell levels left.
You didn't know any spells.
Your spell library contained the following spells:

 Spells                   Type           Power      Damage    Failure   Level
 Foxfire                  Conj/Fire      0%         2x1d4     32%         1
 Shock                    Conj/Air       0%         1d3       32%         1
 Swiftness                Air            0%         N/A       69%         3
 Airstrike                Air            0%         2d(0-16)  97%         4
 Plasma Beam              Fire/Air       0%         2x1d10    100%        6
 Starburst                Conj/Fire      0%         6d3       100%        6


Dungeon Overview and Level Annotations

Branches:
Dungeon (2/15)

Altars:

Annotations:
D:2 Terence


Innate Abilities, Weirdness & Mutations

You are a hulking beast.
Your limbs bulge with bestial killing power. (Slay +2)
You cannot wear most types of armour.
You are amphibious.
You can wear up to eight rings at the same time.
Your skin changes colour to match your surroundings (Stealth+).
Your rubbery body absorbs attacks. (AC +1, EV +1)
((You are camouflaged when in or above water. (Stealth+)))
You have tentacles for arms and can constrict up to eight enemies at once.


Message History

Terence opens the door.
Terence shouts!
You tentacle-slap the goblin.
You kill the goblin!
Terence hits you with a +0 falchion!
You barely miss Terence. You grab Terence. You constrict Terence.
A kobold comes into view. It is wielding a +0 short sword.
Terence misses you.
The kobold shouts!
You tentacle-slap Terence.
Terence is lightly wounded.
You constrict Terence, but do no damage.
Terence closely misses you.
You tentacle-slap Terence.
Terence is moderately wounded.
You constrict Terence. Terence misses you.
You tentacle-slap Terence but do no damage.
Terence is heavily wounded.
You constrict Terence.
The kobold throws a stone.
The stone barely misses you. Terence hits you with a +0 falchion!
* * * LOW HITPOINT WARNING * * *
You are too injured to fight recklessly!
You are too injured to fight recklessly!
You are too injured to fight recklessly!
You are too injured to fight recklessly!
There are monsters nearby!
There are monsters nearby!
You tentacle-slap Terence but do no damage.
You squeeze Terence, but do no damage.
Terence is heavily wounded.
You constrict Terence.
Unknown command.
You tentacle-slap Terence. You squeeze Terence.
Terence is almost dead.
You constrict Terence, but do no damage.
A frilled lizard comes into view.
Terence shouts, "DIE!!!"
Terence hits you with a +0 falchion!
You die...
Terence says, "That felt goooood."

#. #.# #. #.# #.. #.#
#.. ##.## #..l #...#
#.#'###+######...#
#...@.......##...#
#...Kh......##...#
#.....).........##
#...............#
#.................#
#.................#
#.......#.........######
#.......#########.......
#.......# #########
...... #.....#


You could see Terence, a kobold and a frilled lizard.

Vanquished Creatures
  3 gnolls (D:2)
  3 adders (D:2)
  7 ball pythons
  A bat (D:1)
  3 endoplasms
  A giant cockroach (D:2)
  5 goblins
  6 hobgoblins
  2 jackals (D:1)
  A quokka (D:1)
  A frilled lizard (D:2)
  2 kobolds (D:1)
  3 rats (D:1)
38 creatures vanquished.

Notes
Turn   | Place    | Note
-------+----------+-------------------------------------------
     0 | D:1      | LeprechaunX the Octopode Shapeshifter began the quest for
                  | the Orb.
     0 | D:1      | Reached XP level 1. HP: 13/13 MP: 1/1
   102 | D:1      | Reached XP level 2. HP: 18/18 MP: 2/2
   468 | D:1      | Reached XP level 3. HP: 18/23 MP: 3/3
   763 | D:2      | Reached XP level 4. HP: 14/29 MP: 4/4
  1250 | D:2      | Reached skill level 1 in Throwing
  1250 | D:2      | Reached skill level 4 in Shapeshifting
  1339 | D:2      | Noticed Terence
  1347 | D:2      | Slain by Terence

Illustrated notes

Levels and vault maps discovered:
D:1:      lightli_arrival_noodles, layout_loops_cross, st_stairs_8
D:2:      minmay_razor_zed, layout_basic, basic_altar, uniq_terence

Skill      XL: |  1  2  3  4 |
---------------+-------------+-----
Fighting       | 2 |  2.1
Throwing       | 1 |  1.0
Shapeshifting  | 4 |  4.0
Dodging        | |  2.0
Unarmed Combat | |  3.6

Action                     |  1- 3 |  4- 6 || total
---------------------------+-------+-------++-------
  Melee: Unarmed           |    48 |    26 ||    74
         Constrict         |    14 |     5 ||    19
         Tentacles         |     8 |     5 ||    13
         Punch             |     3 |       ||     3
   Stab: Sleeping          |     5 |     2 ||     7
 Armour: Skin              |    19 |    11 ||    30
  Dodge: Dodged            |    22 |    16 ||    38

Table legend: (Time is in decaauts)
 A = Elapsed time spent in this place.
 B = Non-inter-level travel time spent in this place.
 C = Inter-level travel time spent in this place.
 D = Time resting spent in this place.
 E = Time spent auto-exploring this place.
 F = Levels seen in this place.
 G = Mean time per level.
                   A        B        C        D        E       F      G
               +--------+--------+--------+--------+--------+-----+--------+
         Total |   1342 |   1278 |     64 |      0 |   1075 |   2 |  671.0 |
       Dungeon |   1342 |   1278 |     64 |      0 |   1075 |   2 |  671.0 |
               +--------+--------+--------+--------+--------+-----+--------+

Top non-repeatable levels by time:
     D:1: 743 daAuts
     D:2: 598 daAuts
